[Event "Titled Tuesday Blitz May 03 Early 2022"]
[White "Gottstein, Claudius-Thomas"]
[Black "Kouskoutis, Georgios-Alexandros"]
[WhiteFideId "4653327"]
[BlackFideId "4234049"]
[WhiteElo "2109"]
[BlackElo "2130"]
[Result "0-1"]
[Round "01"]
[TimeControl "180+1"]
[Date "2022.05.03"]
[WhiteClock "0:00:22"]
[BlackClock "0:00:42"]

1. e4 c5 2. Nf3 d6 3. Bb5+ Bd7 4. Bxd7+ Nxd7 5. O-O Ngf6 6. Qe2 e6 7. c3 Be7 8. d4 cxd4 9. cxd4 O-O 10. Nc3 Nb6 11. Rd1 Rc8 12. h3 d5 13. e5 Nfd7 14. Bd2 Nc4 15. Be1 Bb4 16. Rac1 Qa5 17. a3 Bxc3 18. Bxc3 Qb6 19. h4 a5 20. Rd3 Rc6 21. Rcd1 Rfc8 22. Ng5 h6 23. Qh5 hxg5 24. hxg5 Nf8 25. Rh3 Ng6 26. Qh7+ Kf8 27. Rf3 Ke7 28. Qxg7 Rf8 29. Rdd3 Nxb2 30. Rf6 Nxd3 31. Rxg6 Rxc3 32. Rf6 Qxd4 33. g6 Rc1+ 34. Kh2 Qh4# 0-1


[Site "https://www.chess.com"]

[Event "Titled Tuesday Blitz May 03 Early 2022"]
[White "Hakobyan, Aram"]
[Black "Araujo Sanchez, Josue"]
[WhiteFideId "13306677"]
[BlackFideId "6416896"]
[WhiteElo "2557"]
[BlackElo "2339"]
[Result "1-0"]
[Round "01"]
[TimeControl "180+1"]
[Date "2022.05.03"]
[WhiteClock "0:01:28"]
[BlackClock "0:01:47"]

1. d4 Nf6 2. c4 e6 3. a3 d5 4. cxd5 exd5 5. Nc3 Bf5 6. Bf4 c6 7. e3 Bd6 8. Bxd6 Qxd6 9. Qf3 Bg6 10. h4 h6 11. Nge2 Nbd7 12. Nf4 Bh7 13. Rc1 a6 14. Be2 Qe7 15. Qh3 Ne4 16. Ncxd5 cxd5 17. Nxd5 Qd6 18. Nc7+ Ke7 19. Nxa8 Rxa8 20. O-O Kf8 21. Bd3 Ndf6 22. Rc8+ Rxc8 23. Qxc8+ Ke7 24. Qxb7+ Kf8 25. Rc1 g5 26. hxg5 hxg5 27. Rc6 1-0


[Site "https://www.chess.com"]

[Event "Titled Tuesday Blitz May 03 Early 2022"]
[White "Dronavalli, Harika"]
[Black "Melikhov, Evgeny V."]
[WhiteFideId "5015197"]
[BlackFideId "4122046"]
[WhiteElo "2382"]
[BlackElo "1931"]
[Result "1-0"]
[Round "01"]
[TimeControl "180+1"]
[Date "2022.05.03"]
[WhiteClock "0:00:34"]
[BlackClock "0:00:05"]

1. c4 e6 2. Nc3 d5 3. d4 Bb4 4. Nf3 Nf6 5. e3 O-O 6. Bd2 dxc4 7. Bxc4 Nc6 8. O-O Bd6 9. e4 e5 10. d5 Ne7 11. Nh4 a6 12. Bg5 Ng6 13. Nxg6 fxg6 14. f4 h6 15. fxe5 Bxe5 16. Bxf6 Rxf6 17. Qd3 Qd6 18. Rxf6 Bxf6 19. Rf1 Be5 20. h3 Bd7 21. Bb3 Re8 22. Kh1 Kh7 23. Bc2 Rf8 24. Rf3 Rf6 25. a4 Qf8 26. Rxf6 Qxf6 27. Nd1 Qf4 28. Kg1 Qh2+ 29. Kf2 Qf4+ 30. Kg1 Qh2+ 31. Kf2 Qf4+ 32. Ke2 b5 33. Qf3 Qxf3+ 34. Kxf3 bxa4 35. g4 Bxb2 36. Bxa4 Bxa4 37. Nxb2 Bb5 38. e5 a5 39. Nd1 a4 40. Nc3 a3 41. d6 cxd6 42. exd6 Kg8 43. Nxb5 a2 44. d7 a1=Q 45. d8=Q+ Kh7 46. Qd3 Qe5 47. Nd4 Qh2 48. Ke4 Qg2+ 49. Qf3 Qg1 50. Ne2 Qb1+ 51. Ke3 Qb3+ 52. Kf2 Qb6+ 53. Kg2 Qd6 54. Ng3 Qd2+ 55. Ne2 Qa2 56. Qe4 Qd2 57. h4 1-0


[Site "https://www.chess.com"]

[Event "Titled Tuesday Blitz May 03 Early 2022"]
[White "Hnydiuk, Aleksander"]
[Black "Pasti, Aron"]
[WhiteFideId "1109057"]
[BlackFideId "785857"]
[WhiteElo "2374"]
[BlackElo "2133"]
[Result "1-0"]
[Round "01"]
[TimeControl "180+1"]
[Date "2022.05.03"]
[WhiteClock "0:02:33"]
[BlackClock "0:01:42"]

1. Nf3 d5 2. d4 Nf6 3. c4 e6 4. g3 dxc4 5. Bg2 Nc6 6. Qa4 Bb4+ 7. Bd2 Nd5 8. Qb5 O-O 9. Qxc4 a6 10. O-O Qe8 11. Bxb4 Ndxb4 12. e4 b5 13. Qe2 Bb7 14. a3 f6 15. axb4 Nxb4 1-0


[Site "https://www.chess.com"]

[Event "Titled Tuesday Blitz May 03 Early 2022"]
[White "Hoffmann, Asa"]
[Black "Samant Aditya S"]
[WhiteFideId "2001470"]
[BlackFideId "35080580"]
[WhiteElo "2117"]
[BlackElo "1916"]
[Result "0-1"]
[Round "01"]
[TimeControl "180+1"]
[Date "2022.05.03"]
[WhiteClock "0:00:02"]
[BlackClock "0:00:06"]

1. d4 Nf6 2. Bg5 Ne4 3. Bf4 c5 4. f3 Qa5+ 5. c3 Nf6 6. d5 Qb6 7. e4 Qxb2 8. Nd2 Qxc3 9. Bc7 d6 10. Rb1 Qe3+ 11. Ne2 Na6 12. Nc4 Qh6 13. Ba5 g6 14. Bd2 Qg7 15. Bc3 Nc7 16. a4 g5 17. Ng3 Qg6 18. Bd3 Qh6 19. Bd2 Qh4 20. O-O Bg7 21. Re1 O-O 22. Qc1 h6 23. Ne3 e6 24. dxe6 fxe6 25. Nc4 Nfe8 26. e5 d5 27. Nd6 Qd4+ 28. Re3 Bxe5 29. Ne2 Bxh2+ 30. Kxh2 Qh4+ 31. Kg1 Nxd6 32. Qxc5 Nce8 33. Bc3 Nf7 34. Rb4 Qh5 35. Qd4 e5 36. Rxe5 Nxe5 37. Qxe5 Nf6 38. Qe7 Qf7 39. Qe5 Bd7 40. Rxb7 Rae8 41. Qd4 Qe7 42. Ng3 Qe3+ 43. Qxe3 Rxe3 44. Bxf6 Rxf6 45. Rxd7 Rxd3 46. Kf2 Re6 47. Nf5 Kf8 48. Kg3 h5 49. Rxa7 Rd2 50. f4 Rd3+ 51. Kf2 gxf4 52. Nh4 Ree3 53. Nf3 Ra3 54. a5 Ra2+ 55. Kg1 Rea3 0-1


[Site "https://www.chess.com"]

[Event "Titled Tuesday Blitz May 03 Early 2022"]
[White "Horcajuelo Rocamora, Martin"]
[Black "Yurovskykh, Oleksandr"]
[WhiteFideId "24573027"]
[BlackFideId "14134020"]
[WhiteElo "1822"]
[BlackElo "2292"]
[Result "1-0"]
[Round "01"]
[TimeControl "180+1"]
[Date "2022.05.03"]
[WhiteClock "0:00:12"]
[BlackClock "0:00:15"]

1. e4 e6 2. d4 d5 3. exd5 exd5 4. Bd3 Nc6 5. c3 Bd6 6. Nf3 Nge7 7. O-O Bg4 8. h3 Bh5 9. Re1 Qd7 10. b4 O-O 11. Bxh7+ Kh8 12. Bd3 Rae8 13. Bg5 f6 14. Bh4 a6 15. Nbd2 Nf5 16. Rxe8 Rxe8 17. Qc2 Nh6 18. Bg6 Bxg6 19. Qxg6 Qf7 20. Qxf7 Nxf7 21. Kf1 Nb8 22. Bg3 Bxg3 23. fxg3 Nd7 24. Kf2 Nd6 25. Re1 Rxe1 26. Nxe1 Nb6 27. Ke3 Na4 28. Kd3 Kg8 29. Nc2 Kf7 30. Ne3 Ke6 31. Nb3 Nb2+ 32. Kc2 Na4 33. Nc5+ Nxc5 34. bxc5 Ne4 35. g4 g6 36. Kd3 Ng5 37. c4 c6 38. cxd5+ cxd5 39. Nf1 Kd7 40. Ng3 Ne6 41. Ne2 Kc6 42. g3 Kd7 43. h4 Ke7 44. Nf4 Nc7 45. Nxg6+ Kf7 46. Nf4 Ke7 47. h5 Kf7 48. Ne2 Kg7 49. Ke3 Ne6 50. Nf4 Nc7 51. Nd3 Kh6 52. Kf4 Ne6+ 53. Ke3 Nc7 54. Kf4 Ne6+ 55. Kf5 Nxd4+ 56. Kxf6 Nf3 57. Nf4 d4 58. Ne6 d3 59. g5+ Kxh5 60. Nf4+ Kg4 61. Nxd3 Nxg5 62. Ne5+ Kh5 63. g4+ Kh4 64. Kf5 Nh3 65. Nf3+ Kg3 66. Ne5 Kh4 67. Ng6+ Kg3 68. g5 Kf3 69. Ne5+ Ke3 70. g6 Nf4 71. g7 Nd5 72. Ke6 Nc7+ 73. Kf7 Ke4 74. g8=Q Kxe5 75. Qb8 Kd5 76. Qxc7 1-0


[Site "https://www.chess.com"]

[Event "Titled Tuesday Blitz May 03 Early 2022"]
[White "Hovhannisyan, Robert"]
[Black "Omariev, Maksim"]
[WhiteFideId "13302507"]
[BlackFideId "4193423"]
[WhiteElo "2570"]
[BlackElo "2507"]
[Result "1-0"]
[Round "01"]
[TimeControl "180+1"]
[Date "2022.05.03"]
[WhiteClock "0:00:08"]
[BlackClock "0:00:01"]

1. d4 h5 2. e4 h4 3. h3 c6 4. Bd3 d5 5. Nc3 dxe4 6. Nxe4 Bf5 7. Nf3 e6 8. Bf4 Qb6 9. Nd6+ Bxd6 10. Bxd6 Qxb2 11. O-O Bxd3 12. Qxd3 Qb5 13. c4 Qf5 14. Qb3 b6 15. Rfe1 Ne7 16. d5 cxd5 17. Bxe7 Kxe7 18. cxd5 Nd7 19. dxe6 Nc5 20. exf7+ Kf8 21. Re8+ Rxe8 22. fxe8=Q+ Kxe8 23. Re1+ Kd8 24. Qe3 Kc7 25. Nd4 Qd7 26. Qe5+ Kb7 27. Nf5 Rd8 28. Nxh4 Qd2 29. Nf3 Qh6 30. Qe3 Qf6 31. Qe7+ Rd7 32. Qxf6 gxf6 33. h4 a5 34. g4 a4 35. Kg2 b5 36. h5 b4 37. Rb1 b3 38. axb3 axb3 39. Kg3 Kc6 40. Nh4 Kb5 41. Nf5 Kb4 42. h6 Kc3 43. Kh4 Kc2 44. Rh1 b2 45. Ne3+ Kc3 46. Kh5 Ne4 47. Nd1+ Kc2 48. Nxb2 Kxb2 49. Kg6 Nxf2 50. Rh2 Rd2 51. h7 Rd8 52. Rxf2+ Kc3 53. Rxf6 Kd4 54. g5 Ke5 55. Kg7 Rc8 56. Rf7 Ke6 57. g6 Re8 58. h8=Q 1-0


[Site "https://www.chess.com"]

[Event "Titled Tuesday Blitz May 03 Early 2022"]
[White "Iljin, Timofey"]
[Black "Maksimovic, Bojan"]
[WhiteFideId "14110180"]
[BlackFideId "14408120"]
[WhiteElo "2462"]
[BlackElo "2801"]
[Result "0-1"]
[Round "01"]
[TimeControl "180+1"]
[Date "2022.05.03"]
[WhiteClock "0:00:01"]
[BlackClock "0:00:32"]

1. d4 Nf6 2. c4 c5 3. d5 b5 4. e4 Nxe4 5. Qf3 Qa5+ 6. Nc3 Nxc3 7. Bd2 b4 8. bxc3 b3 9. Nh3 h6 10. Bd3 d6 11. O-O b2 12. Rab1 Qxa2 13. Qe2 Bxh3 14. gxh3 Nd7 15. Bf4 Ne5 16. Rxb2 Qa6 17. Rfb1 Nxd3 18. Rb8+ Rxb8 19. Rxb8+ Kd7 20. Qxd3 g6 21. Qb1 Bg7 22. Rb7+ Kd8 23. Rb3 Bf6 24. Qb2 Kc7 25. Rb5 Rc8 26. Rxc5+ Kd7 27. Rxc8 Qxc8 28. Qb5+ Kd8 29. Be3 Qc7 30. Qa6 Ke8 31. Bxa7 Kf8 32. Bd4 Kg7 33. Qc6 Qb8 34. Qb5 Qa8 35. Qb2 Qa4 36. Qb7 Qxc4 37. Qxe7 Bxd4 38. cxd4 Qxd5 39. Qe3 Qg5+ 40. Qg3 Qc1+ 41. Kg2 Qc6+ 42. Kg1 Qd5 43. Qe3 h5 44. h4 Qf5 45. Qg3 d5 46. Qe3 Kf6 47. h3 Qe4 48. Qg5+ Kg7 49. Qe5+ Qxe5 50. dxe5 f6 51. f4 fxe5 52. fxe5 Kf7 53. Kf2 Ke6 54. Kf3 Kxe5 55. Ke3 d4+ 56. Kf3 Kd5 57. Kf4 Kc4 58. Kg5 d3 59. Kxg6 d2 60. Kxh5 d1=Q+ 61. Kg6 Qd4 62. h5 Qh8 63. h6 Kc5 64. h7 Kc6 65. h4 Kc7 66. h5 Kc8 67. Kf7 Kb8 68. Kg6 Ka8 69. Kf7 Ka7 70. Kg6 Kb7 71. Kh6 Kb6 72. Kg6 Ka6 73. h6 Ka5 74. Kf7 Kb5 75. Kg6 Kb4 76. Kf7 Ka4 77. Kg6 Ka3 78. Kf7 Kb3 79. Kg6 Kc4 80. Kf7 Kd5 81. Kg6 Kd6 82. Kf7 Kd7 83. Kg6 Kd8 84. Kf7 Kc8 85. Kg6 Kb8 86. Kf7 Ka8 87. Kg6 Kb7 88. Kf7 Kc6 89. Kg6 Kd5 90. Kf7 Qxh7+ 91. Ke8 Kd6 92. Kf8 Ke6 93. Ke8 Qe7# 0-1


[Site "https://www.chess.com"]

[Event "Titled Tuesday Blitz May 03 Early 2022"]
[White "Itkis, Boris"]
[Black "Arabidze, Meri"]
[WhiteFideId "1209167"]
[BlackFideId "13604040"]
[WhiteElo "2207"]
[BlackElo "2335"]
[Result "1/2-1/2"]
[Round "01"]
[TimeControl "180+1"]
[Date "2022.05.03"]
[WhiteClock "0:01:32"]
[BlackClock "0:00:53"]

1. Nf3 f5 2. b3 Nf6 3. Bb2 e6 4. e3 b6 5. d4 Bb7 6. Nbd2 Be7 7. Bd3 O-O 8. c4 Ne4 9. O-O d6 10. Ne1 Nd7 11. f3 Nxd2 12. Qxd2 e5 13. Rc1 e4 14. fxe4 fxe4 15. Rxf8+ Qxf8 16. Be2 Bg5 17. g3 Qf6 18. Ng2 Rf8 19. Rf1 Qh6 20. Rxf8+ Nxf8 21. h4 Bf6 22. d5 Bc8 23. Qc1 Nd7 24. Qa1 Bxb2 25. Qxb2 a5 26. Qd4 Nc5 27. a3 Qf6 28. Qxf6 gxf6 29. Bd1 Nd3 30. Nf4 Nxf4 31. gxf4 f5 32. Kf2 Bd7 33. Ke2 Kf7 34. Kd2 h6 35. Kc3 Ke7 36. Kd4 Kf6 37. h5 Ke7 38. Be2 Kf6 39. Bd1 Ke7 40. Be2 Kf6 41. Bd1 1/2-1/2


[Site "https://www.chess.com"]

[Event "Titled Tuesday Blitz May 03 Early 2022"]
[White "Jakubowski, Krzysztof"]
[Black "Zaksaite, Salomeja"]
[WhiteFideId "1112848"]
[BlackFideId "12801496"]
[WhiteElo "2365"]
[BlackElo "1953"]
[Result "1-0"]
[Round "01"]
[TimeControl "180+1"]
[Date "2022.05.03"]
[WhiteClock "0:00:46"]
[BlackClock "0:00:01"]

1. d4 Nf6 2. c4 g6 3. Nc3 d5 4. Bf4 Bg7 5. e3 c5 6. dxc5 Qa5 7. Qa4+ Qxa4 8. Nxa4 Bd7 9. Nc3 dxc4 10. Bxc4 O-O 11. Rc1 Rc8 12. b4 a5 13. b5 a4 14. Nd5 Nxd5 15. Bxd5 Bxb5 16. Bxb7 Nc6 17. Nf3 Nb4 18. Nd4 Nd3+ 19. Kd2 Bxd4 20. exd4 Nxf4 21. Rb1 Bc6 22. Bxc8 Rxc8 23. Rb6 Nxg2 24. Rhb1 Nh4 25. Rb8 Rxb8 26. Rxb8+ Kg7 27. Rc8 Nf3+ 28. Kc3 Bd5 29. c6 Be6 30. Rd8 Ng5 31. d5 Ne4+ 32. Kd4 1-0


[Site "https://www.chess.com"]

[Event "Titled Tuesday Blitz May 03 Early 2022"]
[White "Jaracz, Pawel"]
[Black "Eynullayev, Altay"]
[WhiteFideId "1102222"]
[BlackFideId "13413562"]
[WhiteElo "2429"]
[BlackElo "2079"]
[Result "1-0"]
[Round "01"]
[TimeControl "180+1"]
[Date "2022.05.03"]
[WhiteClock "0:01:22"]
[BlackClock "0:01:14"]

1. d4 Nf6 2. c4 e6 3. Nf3 b6 4. a3 Ba6 5. Qb3 Nc6 6. e3 Na5 7. Qc2 d5 8. b4 Nxc4 9. Qa4+ b5 10. Qxa6 Rb8 11. Bxc4 dxc4 12. Ne5 Rb6 13. Qxa7 Bd6 14. a4 Bxb4+ 15. Bd2 Nd5 16. Bxb4 Nxb4 17. O-O f6 18. a5 Rd6 19. Qc5 Nc2 20. Ra2 Rd5 21. Qc6+ Ke7 22. Rxc2 fxe5 23. Nc3 1-0


[Site "https://www.chess.com"]

[Event "Titled Tuesday Blitz May 03 Early 2022"]
[White "Jobava, Baadur"]
[Black "Gurevich, Dmitry"]
[WhiteFideId "13601520"]
[BlackFideId "2000407"]
[WhiteElo "2617"]
[BlackElo "2506"]
[Result "1-0"]
[Round "01"]
[TimeControl "180+1"]
[Date "2022.05.03"]
[WhiteClock "0:00:56"]
[BlackClock "0:00:43"]

1. b3 d5 2. Bb2 c5 3. e3 a6 4. Nf3 Nc6 5. Be2 d4 6. O-O g6 7. b4 Nxb4 8. exd4 Bg7 9. c3 Nd5 10. dxc5 Nf4 11. d4 Nxe2+ 12. Qxe2 Nf6 13. Nbd2 O-O 14. Rfe1 Nd5 15. g3 b6 16. c4 Nb4 17. cxb6 Nc2 18. c5 Nxa1 19. Bxa1 Bb7 20. Qxe7 Qd5 21. Qe4 Qd7 22. Qe7 Qd5 23. Bc3 Rae8 24. Qxe8 Rxe8 25. Rxe8+ Bf8 26. Rb8 f6 27. a4 Kf7 28. a5 Bh6 29. Rxb7+ Qxb7 30. Nc4 Qxf3 31. b7 Be3 32. fxe3 Qd1+ 33. Kf2 Qc2+ 34. Bd2 Qb1 35. Nb6 Qf5+ 36. Ke2 1-0


[Site "https://www.chess.com"]

[Event "Titled Tuesday Blitz May 03 Early 2022"]
[White "Jones, Gawain C B"]
[Black "Saldano Dayer, Horacio"]
[WhiteFideId "409561"]
[BlackFideId "103411"]
[WhiteElo "2823"]
[BlackElo "2476"]
[Result "0-1"]
[Round "01"]
[TimeControl "180+1"]
[Date "2022.05.03"]
[WhiteClock "0:00:43"]
[BlackClock "0:01:27"]

1. c4 e6 2. g3 d5 3. Bg2 dxc4 4. Qb3 cxb3 5. axb3 Nf6 6. Nf3 Nc6 7. Nc3 Bc5 8. O-O O-O 9. d3 e5 10. Bg5 h6 11. Bxf6 Qxf6 12. Nd2 Qd8 13. Rfc1 Bb4 14. Bxc6 bxc6 15. Nc4 Bxc3 16. Rxc3 f6 17. Na5 Bd7 18. Nb7 Qe7 19. Nc5 Bh3 20. Ra4 Rfd8 21. Rh4 Bf5 22. Ra4 a5 23. Nb7 Rd4 24. Ra1 e4 25. dxe4 Rxe4 26. e3 Bh3 27. Nc5 Re5 28. Nd3 g5 29. Rxc6 Rd5 30. Ne1 Rad8 31. Rcc1 Rd2 32. Rxa5 Rd1 33. Raa1 Rxc1 34. Rxc1 Qe4 35. Ra1 Rd2 36. Rc1 Re2 0-1


[Site "https://www.chess.com"]

[Event "Titled Tuesday Blitz May 03 Early 2022"]
[White "Kanyamarala, Tarun"]
[Black "Jain, Naveen"]
[WhiteFideId "45004714"]
[BlackFideId "5003970"]
[WhiteElo "2177"]
[BlackElo "2036"]
[Result "1-0"]
[Round "01"]
[TimeControl "180+1"]
[Date "2022.05.03"]
[WhiteClock "0:01:02"]
[BlackClock "0:00:17"]

1. c4 Nf6 2. Nc3 e6 3. d4 Bb4 4. a3 Bxc3+ 5. bxc3 d6 6. f3 O-O 7. e4 e5 8. Bd3 Nc6 9. Ne2 b6 10. O-O Qe7 11. Bg5 h6 12. Bh4 Na5 13. f4 exf4 14. Bxf6 Qxf6 15. Nxf4 c5 16. Nd5 Qd8 17. Qh5 Be6 18. Rf3 cxd4 19. Rg3 Kh8 20. cxd4 Nb3 21. Rf1 Nxd4 22. Rf6 Bxd5 1-0


[Site "https://www.chess.com"]

[Event "Titled Tuesday Blitz May 03 Early 2022"]
[White "Karolczuk, Iwo"]
[Black "Chuemsakul, Sarocha"]
[WhiteFideId "21816972"]
[BlackFideId "6203710"]
[WhiteElo "2277"]
[BlackElo "1703"]
[Result "1-0"]
[Round "01"]
[TimeControl "180+1"]
[Date "2022.05.03"]
[WhiteClock "0:00:03"]
[BlackClock "0:00:01"]

1. e4 e5 2. Nf3 Nc6 3. Bb5 g6 4. d4 exd4 5. Nxd4 Bg7 6. Nxc6 bxc6 7. Bc4 Ne7 8. O-O O-O 9. Nc3 Bb7 10. Bg5 h6 11. Bh4 g5 12. Bg3 d5 13. Bb3 Qd7 14. f4 f5 15. e5 c5 16. Kh1 Kh8 17. Re1 d4 18. fxg5 Qc6 19. Nd5 Nxd5 20. gxh6 Bxh6 21. Qh5 Ne3 22. Re2 Nxg2 23. Kg1 Kg7 24. e6 Ne3 25. Be5+ 1-0


[Site "https://www.chess.com"]

[Event "Titled Tuesday Blitz May 03 Early 2022"]
[White "Karthikeyan, Murali"]
[Black "Sanchez, Robert"]
[WhiteFideId "5074452"]
[BlackFideId "2034360"]
[WhiteElo "2579"]
[BlackElo "2430"]
[Result "1-0"]
[Round "01"]
[TimeControl "180+1"]
[Date "2022.05.03"]
[WhiteClock "0:01:21"]
[BlackClock "0:00:53"]

1. e4 e6 2. d3 c5 3. Nf3 Nc6 4. g3 d6 5. Bg2 g6 6. O-O Bg7 7. Re1 Nge7 8. c3 e5 9. Be3 O-O 10. Nbd2 h6 11. a4 f5 12. exf5 gxf5 13. Nc4 d5 14. Na3 d4 15. Bd2 Be6 16. Rc1 Bd5 17. cxd4 cxd4 18. b4 Ng6 19. b5 Nce7 20. Bb4 Rf7 21. Nc4 Bxc4 22. Rxc4 Nd5 23. Bd2 Nb6 24. Rc1 Qf6 25. a5 Nd7 26. a6 bxa6 27. Nxe5 Ndxe5 28. Bxa8 Nxd3 29. Bd5 Nxe1 30. Qxe1 f4 31. Qe8+ 1-0


[Site "https://www.chess.com"]

[Event "Titled Tuesday Blitz May 03 Early 2022"]
[White "Kazakouski, Valery"]
[Black "Dixit, Nikhil"]
[WhiteFideId "13507443"]
[BlackFideId "5059534"]
[WhiteElo "2807"]
[BlackElo "2470"]
[Result "1-0"]
[Round "01"]
[TimeControl "180+1"]
[Date "2022.05.03"]
[WhiteClock "0:00:55"]
[BlackClock "0:01:17"]

1. d4 Nf6 2. c4 g6 3. Nc3 Bg7 4. e4 d6 5. h3 O-O 6. Be3 e5 7. d5 a5 8. g4 Na6 9. Nge2 Nc5 10. Ng3 c6 11. Qd2 cxd5 12. cxd5 Ne8 13. f3 Nc7 14. h4 Bd7 15. h5 b5 16. hxg6 fxg6 17. Bg5 Qb8 18. Qh2 b4 19. Qxh7+ Kf7 20. Rh6 bxc3 21. Qxg6+ Kg8 22. Qh7+ Kf7 23. Rf6+ Ke8 24. Qxg7 Rxf6 25. Bxf6 Nxd5 26. Qg8# 1-0


[Site "https://www.chess.com"]

[Event "Titled Tuesday Blitz May 03 Early 2022"]
[White "Khokhlova, Daria"]
[Black "Trost, Edvin"]
[WhiteFideId "24182729"]
[BlackFideId "1729519"]
[WhiteElo "2034"]
[BlackElo "2160"]
[Result "0-1"]
[Round "01"]
[TimeControl "180+1"]
[Date "2022.05.03"]
[WhiteClock "0:00:01"]
[BlackClock "0:01:37"]

1. d4 Nf6 2. c4 b6 3. Nf3 Bb7 4. g3 Bxf3 5. exf3 d5 6. Nc3 e6 7. b3 Bb4 8. Bb2 Nc6 9. a3 Be7 10. cxd5 exd5 11. Bb5 Qd7 12. Rc1 a6 13. Ba4 O-O 14. O-O Qd6 15. Bxc6 Qxc6 16. Ne2 Qd7 17. Nf4 Bd6 18. Nd3 Rfe8 19. Ne5 Bxe5 20. dxe5 Nh5 21. f4 g6 22. Qf3 Ng7 23. Rfd1 c6 24. b4 a5 25. b5 c5 26. Qxd5 Qxb5 27. Ba1 Ne6 28. Kg2 Rad8 29. Qe4 Qb3 30. Rxd8 Rxd8 31. Qc2 Qxa3 32. Bb2 Qd3 33. Qa4 Nd4 34. Rd1 Qe4+ 35. Kh3 Qe2 0-1


[Site "https://www.chess.com"]

[Event "Titled Tuesday Blitz May 03 Early 2022"]
[White "Kollars, Dmitrij"]
[Black "Wagner, Dinara"]
[WhiteFideId "12909572"]
[BlackFideId "24157570"]
[WhiteElo "2584"]
[BlackElo "2216"]
[Result "1-0"]
[Round "01"]
[TimeControl "180+1"]
[Date "2022.05.03"]
[WhiteClock "0:00:39"]
[BlackClock "0:00:03"]

1. d4 Nf6 2. c4 e6 3. Nf3 d5 4. g3 dxc4 5. Bg2 a6 6. Qd2 Nc6 7. Ne5 Nxe5 8. dxe5 Nd5 9. O-O Be7 10. Qc2 O-O 11. Qxc4 b5 12. Qg4 Kh8 13. Rd1 Qe8 14. Nc3 Bb7 15. Nxd5 exd5 16. Bxd5 Rd8 17. Bh6 gxh6 18. Bxb7 Bc5 19. Qf4 Qe7 20. Be4 Rxd1+ 21. Rxd1 Qg5 22. Rd7 Qxf4 23. gxf4 Bb6 24. e3 Kg8 25. Bd5 h5 26. Kg2 a5 27. Kg3 a4 28. Kh4 Ba5 29. f5 Be1 30. Kg3 h4+ 31. Kf3 h5 32. Rxc7 b4 33. f6 a3 34. bxa3 bxa3 35. Ke2 Bb4 36. f4 h3 37. Kf3 Be1 38. Ra7 1-0


[Site "https://www.chess.com"]

[Event "Titled Tuesday Blitz May 03 Early 2022"]
[White "Kotepalli, Sai Nirupama"]
[Black "Vysochin, Spartak"]
[WhiteFideId "5039444"]
[BlackFideId "14103516"]
[WhiteElo "2387"]
[BlackElo "2385"]
[Result "0-1"]
[Round "01"]
[TimeControl "180+1"]
[Date "2022.05.03"]
[WhiteClock "0:00:11"]
[BlackClock "0:00:56"]

1. e4 e6 2. d3 d5 3. Nd2 c5 4. Ngf3 Nc6 5. g3 Nf6 6. Bg2 Be7 7. O-O O-O 8. e5 Nd7 9. Qe2 Qc7 10. Re1 b5 11. Nf1 Bb7 12. Bf4 Rfc8 13. h4 Qd8 14. N1h2 a5 15. Ng4 a4 16. a3 b4 17. Ng5 Nd4 18. Qd1 bxa3 19. bxa3 Ba6 20. c3 Nf5 21. Qf3 h6 22. Nh3 Rab8 23. Ne3 Nxe3 24. Qxe3 d4 25. cxd4 cxd4 26. Qxd4 Nc5 27. Qxd8+ Rxd8 28. d4 Nb3 29. Rad1 Nxd4 30. Kh2 Bxa3 31. Ra1 Bb4 32. Reb1 a3 33. Rxb4 Rxb4 34. Rxa3 Bb7 35. Bxb7 Rxb7 36. Rd3 Rbd7 37. Kg2 Ne2 38. Rb3 Rd1 39. Be3 R8d5 40. f4 R1d3 41. Rb8+ Kh7 42. Bf2 Rd2 43. Kf3 Nc3 44. Be3 R5d3 45. Nf2 Nd5 46. Nxd3 Rxd3 47. Rd8 Rxe3+ 48. Kf2 Rd3 0-1


[Site "https://www.chess.com"]

[Event "Titled Tuesday Blitz May 03 Early 2022"]
[White "Kovalenko, Igor"]
[Black "Laohawirapap, Prin"]
[WhiteFideId "14117908"]
[BlackFideId "6205003"]
[WhiteElo "2560"]
[BlackElo "1832"]
[Result "0-1"]
[Round "01"]
[TimeControl "180+1"]
[Date "2022.05.03"]
[WhiteClock "0:01:01"]
[BlackClock "0:00:38"]

1. c4 Nf6 2. Nc3 g6 3. e4 d6 4. d4 Bg7 5. Be2 O-O 6. Bg5 c5 7. d5 h6 8. Bf4 e6 9. dxe6 Bxe6 10. Nf3 Nc6 11. O-O Nd4 12. Nxd4 cxd4 13. Qxd4 Nd5 14. Qd2 Nxf4 15. Qxf4 Rc8 16. Rfd1 Bxc4 17. Bxc4 Rxc4 18. Rxd6 Qa5 19. Rd5 Qb6 20. Qd2 Bxc3 21. bxc3 Rxe4 22. Qxh6 Rfe8 23. Rf1 Qb1 24. g3 Re1 25. Qh3 Rxf1+ 26. Qxf1 Re1 27. Rd8+ Kg7 28. Qxe1 Qxe1+ 29. Kg2 Qxc3 30. h4 b5 31. Rd6 a5 32. Ra6 a4 33. g4 Qc4 34. Kg3 Qxa2 35. h5 Qb3+ 36. f3 gxh5 37. gxh5 a3 38. h6+ Kh7 39. Kg4 Qe6+ 40. Rxe6 fxe6 0-1


[Site "https://www.chess.com"]

[Event "Titled Tuesday Blitz May 03 Early 2022"]
[White "Kozak, Adam"]
[Black "Sztokbant, Bernardo Vainzoff"]
[WhiteFideId "753246"]
[BlackFideId "2115956"]
[WhiteElo "2459"]
[BlackElo "2225"]
[Result "1-0"]
[Round "01"]
[TimeControl "180+1"]
[Date "2022.05.03"]
[WhiteClock "0:01:06"]
[BlackClock "0:00:04"]

1. Nf3 d5 2. b3 Nf6 3. Bb2 c5 4. g3 Nc6 5. Ne5 Qc7 6. Nxc6 Qxc6 7. Bg2 g6 8. Bxf6 Qxf6 9. Nc3 e6 10. Nb5 Qe7 11. c4 a6 12. Nc3 d4 13. Na4 Qc7 14. O-O Bd7 15. Rb1 Bc6 16. d3 Be7 17. Bf3 O-O 18. Qd2 Bxf3 19. exf3 b5 20. Nb2 b4 21. Na4 Qc6 22. Qe2 Rfe8 23. Rbe1 Bf8 24. h4 h5 25. Kg2 Rac8 26. Rh1 e5 27. Qe4 Qc7 28. g4 hxg4 29. fxg4 Qc6 30. h5 Qxe4+ 31. Rxe4 f5 32. Re2 e4 33. hxg6 exd3 34. Rxe8 Rxe8 35. gxf5 d2 36. Rd1 Bh6 37. Kg3 Kg7 38. f4 Re4 39. Rxd2 Rxf4 40. Rf2 Rxf2 41. Kxf2 Kf6 42. Nxc5 Kxf5 43. Ke2 a5 44. Kd3 Bg7 45. Nb7 Kxg6 46. Nxa5 1-0


[Site "https://www.chess.com"]

[Event "Titled Tuesday Blitz May 03 Early 2022"]
[White "Kozak, Antoni"]
[Black "D`Arruda, Ricardo D."]
[WhiteFideId "21832030"]
[BlackFideId "100692"]
[WhiteElo "2236"]
[BlackElo "2383"]
[Result "1-0"]
[Round "01"]
[TimeControl "180+1"]
[Date "2022.05.03"]
[WhiteClock "0:00:16"]
[BlackClock "0:00:30"]

1. Nf3 d5 2. d4 Nf6 3. c4 c6 4. e3 g6 5. Be2 Bg7 6. O-O O-O 7. b3 Ne4 8. Bb2 Nd7 9. Nc3 Nxc3 10. Bxc3 Nf6 11. Bb2 b6 12. Rc1 Bb7 13. Ne5 Rc8 14. Bf3 e6 15. Ba3 Re8 16. c5 b5 17. Be2 Nd7 18. f4 f6 19. Nd3 e5 20. Bb2 exf4 21. exf4 Qe7 22. Bf3 Qd8 23. Qd2 Qc7 24. Bc3 Nf8 25. Rce1 Qd7 26. h3 Rxe1 27. Rxe1 Re8 28. Bg4 f5 29. Bf3 Re4 30. Bxe4 dxe4 31. Ne5 Qd5 32. Kh2 Ne6 33. Qe3 Bc8 34. g4 fxg4 35. hxg4 Bh6 36. g5 Bg7 37. Qxe4 Nc7 38. Nxc6 Qxe4 39. Rxe4 Kf8 40. Ba5 Bf5 41. Re1 Nd5 42. Kg3 Nxf4 43. Kxf4 1-0


[Site "https://www.chess.com"]